 Dungeon Crawl Stone Soup version 0.29.0-11-gd7f09526c8 (webtiles) character file.

Game seed: 12776556654998454386

123 Zeldest the Ruffian (level 4, 0/35 HPs)
             Began as a Draconian Transmuter on Sept 5, 2022.
             Slain by an orc
             ... wielding a +0 trident
              (3 damage)
             ... on level 3 of the Dungeon.
             The game lasted 00:03:51 (3038 turns).

Zeldest the Ruffian (Draconian Transmuter)          Turns: 3038, Time: 00:03:51

Health: 0/35       AC:  5    Str: 13    XL:     4   Next: 80%
Magic:  7/7        EV: 12    Int: 15    God:
Gold:   166        SH:  0    Dex: 11    Spells: 4/7 levels left

rFire   . . .      SeeInvis .     - Unarmed
rCold   . . .      Faith    .   (no shield)
rNeg    . . .      Spirit   .   (body armour unavailable)
rPois   .          Reflect  .   (helmet restricted)
rElec   .          Harm     .   (no cloak)
rCorr   .          Rampage  .   (no gloves)
Will    .....                   (no boots)
Stlth   +.........              (no amulet)
HPRegen 0.11/turn               f - ring of flight
MPRegen 0.10/turn               (no ring)

@: wereblooded, flying, hasted, very quick
A: AC +5, unfitting armour, cold-blooded
a: no special abilities


You were on level 3 of the Dungeon.
You visited 1 branch of the dungeon, and saw 3 of its levels.

You collected 166 gold pieces.

Inventory:

Jewellery
 f - a ring of flight (left hand)
 m - an amulet of reflection
Scrolls
 c - 3 scrolls of teleportation
 d - a scroll of immolation
 k - 2 scrolls of identify
Potions
 g - a potion of lignification


   Skills:
 - Level 1.1 Fighting
 - Level 1.7 Dodging
 * Level 4.2 Unarmed Combat
 - Level 2.0 Spellcasting
 * Level 3.5 Transmutations
 + Level 1.9 Invocations


You had 4 spell levels left.
You knew the following spells:

 Your Spells              Type           Power      Damage    Failure   Level
a - Beastly Appendage     Tmut           24%        N/A       5%          1
b - Wereblood             Tmut           12%        N/A       8%          2

Your spell library contained the following spells:

 Spells                   Type           Power      Damage    Failure   Level
 Spider Form              Tmut/Pois      6%         N/A       32%         3
 Ice Form                 Ice/Tmut       6%         N/A       71%         4


Dungeon Overview and Level Annotations

Branches:
Dungeon (3/15)

Altars:


Innate Abilities, Weirdness & Mutations

Your plain brown scales are hard. (AC +5)
You cannot fit into any form of body armour.
You are cold-blooded and may be slowed by cold attacks.


Message History

It is a scroll of enchant weapon.
The +0 dagger glows red for a moment.
As you read the scroll labelled EWEUNWUCSICA, it crumbles to dust.
You hear a loud clanging noise!
It was a scroll of noise.
You hear a shout!
The orc hits you but does no damage.
As you read the scroll labelled DINIPO RYCLIUPYUNI, it crumbles to dust.
The creatures around you are filled with an inner flame!
It was a scroll of immolation.
The orc hits you but does no damage.
As you read the scroll labelled ARUMOV VEILACS, it crumbles to dust.
It is a scroll of enchant armour.
You aren't carrying any armour which can be enchanted further.
As you read the scroll labelled MOCSENLOLIE, it crumbles to dust.
You cannot blink because you are held in place by your roots.
It was a scroll of blinking.
The orc hits you but does no damage.
As you read the scroll labelled VONEF LIOLARR, it crumbles to dust.
It is a scroll of identify.
You don't have any unidentified items.
The orc hits you but does no damage.
Okay, then.
The orc hits you but does no damage. The orc hits you but does no damage.
The orc hits you but does no damage.
Your transformation is almost over.
The orc barely misses you.
The orc hits you from afar with a +0 trident.
* * * LOW HITPOINT WARNING * * *
The orc hits you from afar with a +0 trident.
* * * LOW HITPOINT WARNING * * *
The orc hits you but does no damage. The orc hits you but does no damage.
The orc hits you but does no damage.
You creak as the wereblood boils in your veins!
The orc completely misses you. The orc hits you but does no damage.
You feel less wooden. The orc hits you but does no damage.
The orc hits you with a +0 trident.
You die...

# #.# #............... ..
#.# ######.###......
###.###.# #.# #......
........#### #.# #......
###.##..|..# # #......
##.##.# #...... #.##†# ##
#####.# ..##)# .. #.#
##.######@##.# #.#
..........o..###########.#
.........................)
##....##.....#.#########.#
#.... #.##.## # #.# #...
#.# ... #.# #... #.# ####
#.# #.. ..# #.# #.. ###
#.#


You could see an orc (inner flame).

Vanquished Creatures
  An orc wizard (D:3)
  2 adders (D:2)
  3 worms (D:2)
  2 dart slugs (D:1)
  3 orcs (D:3)
  6 ball pythons
  8 endoplasms
  2 giant cockroaches
  7 goblins
  10 hobgoblins
  3 kobolds
  A quokka (D:2)
  3 bats
  4 frilled lizards
  5 rats
60 creatures vanquished.

Vanquished Creatures (others)
  An orc wizard (D:3)
  A demonic plant (D:2)
2 creatures vanquished.

Grand Total: 62 creatures vanquished

Notes
Turn   | Place    | Note
-------+----------+-------------------------------------------
     0 | D:1      | Zeldest the Draconian Transmuter began the quest for the
                  | Orb.
     0 | D:1      | Reached XP level 1. HP: 16/16 MP: 3/3
   647 | D:1      | Reached XP level 2. HP: 23/23 MP: 3/5
   650 | D:1      | Learned a level 2 spell: Wereblood
   993 | D:1      | Reached skill level 1 in Invocations
  1135 | D:1      | Reached XP level 3. HP: 25/28 MP: 2/6
  1543 | D:2      | Found a faded altar of an unknown god.
  1948 | D:2      | Reached XP level 4. HP: 17/35 MP: 5/7
  2439 | D:2      | Reached skill level 4 in Unarmed Combat
  3038 | D:3      | Slain by an orc

Illustrated notes

Levels and vault maps discovered:
D:1:      dpeg_arrival_water_fire, layout_basic, amcnicky_mini_corridor_feature
D:2:      layout_loops_ring, shapermc_ecumenical_altar_gd,
          minmay_split_cup_small
D:3:      layout_basic, grunt_temple_overflow_open, serial_shops,
          nicolae_shop_hallway_stairs, nicolae_concentric_dashed_squares_wild,
          grunt_ministairs_6

Skill      XL: |  1  2  3  4 |
---------------+-------------+-----
Invocations    | 1 |  1.9
Transmutations | 3 |  3.5
Unarmed Combat | 4 |  4.2
Fighting       | |  1.1
Dodging        | |  1.7
Spellcasting   | |  2.0

Action                   |  1- 3 |  4- 6 || total
-------------------------+-------+-------++-------
Melee: Unarmed           |   114 |    65 ||   179
       Kick              |     9 |    10 ||    19
       Tailslap          |    11 |     8 ||    19
       Headbutt          |     5 |     2 ||     7
       Punch             |     4 |     2 ||     6
 Cast: Beastly Appendage |    18 |     6 ||    24
       Wereblood         |     9 |     5 ||    14
  Use: Potion            |     1 |     4 ||     5
       Scroll            |       |     7 ||     7
 Stab: Sleeping          |       |     1 ||     1
Armor: Skin              |    40 |    53 ||    93
Dodge: Dodged            |    57 |    49 ||   106
